 Dungeon Crawl Stone Soup version 0.31-a0-662-g684573625c (webtiles) character file.

Game seed: 13193877004867292694

22 Dordric the Changeling (level 2, 0/18 HPs)
             Began as an Octopode Shapeshifter on Aug 31, 2023.
             Killed from afar by Robin (8 damage)
             ... with a puff of flame
             ... on level 1 of the Dungeon.
             The game lasted 00:00:31 (606 turns).

Dordric the Changeling (Octopode Shapeshifter)       Turns: 606, Time: 00:00:33

Health: 0/18       AC:  1    Str: 13    XL:     2   Next: 91%
Magic:  2/2        EV: 13    Int: 12    God:
Gold:   38         SH:  0    Dex: 11    Spells: 1/1 levels left

rFire   . .          .
                       - Unarmed
rCold   . . .        (no shield)
rNeg    . . .        (helmet currently unavailable)
rPois   .            (no amulet)
rElec   .            (no ring)
rCorr   .            (no ring)
SInv    .            (no ring)
Will    .....        (no ring)
Stlth   ++           (no ring)
HPRegen 0.23/turn    (no ring)
MPRegen 0.08/turn    (no ring)
                     (no ring)

%: no passive effects
@: beast-form
A: beast (slay +2), almost no armour, amphibious, 8 rings, camouflage 1,
gelatinous body 1, (nimble swimmer 1), tentacles
a: Begin Untransformation


You were on level 1 of the Dungeon.
You were a hulking beast.
You visited 1 branch of the dungeon, and saw 2 of its levels.

You collected 38 gold pieces.

Inventory:

Talismans
 b - a beast talisman (active)
 c - a flux talisman
Scrolls
 d - a scroll of silence {unknown}
 f - a scroll of identify {unknown}
 g - a scroll of revelation {unknown}
Potions
 a - a potion of lignification
 e - 2 potions of curing {unknown}


   Skills:
 - Level 1.0 Fighting
 - Level 2.0 Dodging
 - Level 3.0 Unarmed Combat
 + Level 3.9 Shapeshifting


You had one spell level left.
You didn't know any spells.
Your spell library was empty.

Dungeon Overview and Level Annotations

Branches:
Dungeon (2/15)

Altars:

Annotations:
D:1 2 transporters, Robin


Innate Abilities, Weirdness & Mutations

You are a hulking beast.
Your limbs bulge with bestial killing power. (Slay +2)
You cannot wear most types of armour.
You are amphibious.
You can wear up to eight rings at the same time.
Your skin changes colour to match your surroundings (Stealth+).
Your rubbery body absorbs attacks. (AC +1, EV +1)
((You are camouflaged when in or above water. (Stealth+)))
You have tentacles for arms and can constrict up to eight enemies at once.


Message History

The hobgoblin closely misses you.
You barely miss the hobgoblin. Your grab misses the hobgoblin.
You squeeze the hobgoblin.
You kill the hobgoblin!
A hobgoblin comes into view.
Robin of the Strong Arm comes into view.
They are wielding a +0 dagger and carrying a wand of flame.
Robin roars a battlecry!
The hobgoblin goes into a battle-frenzy!
There is a stone staircase leading up here.
You climb upwards.
Level annotation: 2 transporters
There is a stone staircase leading down here.
You start resting.
HP restored.
You climb downwards.
Level annotation: Robin The hobgoblin barely misses you.
There is a stone staircase leading up here.
The hobgoblin completely misses you.
Robin roars a battlecry!
The hobgoblin goes into a battle-frenzy!
You climb upwards.
Level annotation: 2 transporters
There is a stone staircase leading down here.
You tentacle-slap the hobgoblin.
You kill the hobgoblin!
You climb downwards.
Level annotation: Robin Robin throws the goblin at you!
Robin zaps a wand.
The puff of flame hits you. The goblin hits you but does no damage.
There is a stone staircase leading up here.
Robin barely misses you. The goblin hits you with a +0 club.
You climb upwards.
Level annotation: 2 transporters
There is a stone staircase leading down here.
You tentacle-slap Robin. You grab Robin.
Robin is moderately wounded.
You constrict Robin.
Robin zaps a wand.
The puff of flame hits you!
You die...
Robin says, "And that's why I'm the boss."

######.#...............#
##..#..............#######
##.....#..................#
#...♣..###.......##.#####.#
#..♣♣...##.......##.# #.#
##.......##......##.# #.#
##......##.###.###.# #.#
####.#.##g# #.# #.# #.#
###.##h# #.###.# #.# #.##g#
#.....# ###.## #.##.#
#..#### #.....
#.##.###..######.###.
#.##.##..........# #.
#.##.###.[.......###.
#....# #..##.........
#..### #..##.###....# #..#
###.....# #.....


You could see Robin and a goblin.

Vanquished Creatures
  2 dart slugs (D:2)
  A bat (D:1)
  3 endoplasms (D:1)
  3 goblins
  2 hobgoblins
  3 ball pythons
  A kobold (D:2)
15 creatures vanquished.

Notes
Turn   | Place    | Note
-------+----------+-------------------------------------------
     0 | D:1      | Dordric the Octopode Shapeshifter began the quest for the
                  | Orb.
     0 | D:1      | Reached XP level 1. HP: 13/13 MP: 1/1
   411 | D:1      | Reached XP level 2. HP: 18/18 MP: 2/2
   534 | D:2      | Noticed Robin
   606 | D:1      | Killed from afar by Robin

Illustrated notes

Levels and vault maps discovered:
D:1:      spicycebolla_arrival_transporter_tutorial, layout_loops_ring,
          serial_park_tiny_1
D:2:      layout_basic, mrwooster_statue_mirror, uniq_robin, uniq_jessica

Action                     || total
---------------------------++-------
  Melee: Unarmed           ||    25
         Tentacles         ||     2
         Constrict         ||     5
   Stab: Sleeping          ||     1
 Armour: Skin              ||    12
  Dodge: Dodged            ||    15

Table legend: (Time is in decaauts)
 A = Elapsed time spent in this place.
 B = Non-inter-level travel time spent in this place.
 C = Inter-level travel time spent in this place.
 D = Time resting spent in this place.
 E = Time spent auto-exploring this place.
 F = Levels seen in this place.
 G = Mean time per level.
                   A        B        C        D        E       F      G
               +--------+--------+--------+--------+--------+-----+--------+
         Total |    607 |    592 |     15 |     58 |    442 |   2 |  303.5 |
       Dungeon |    607 |    592 |     15 |     58 |    442 |   2 |  303.5 |
               +--------+--------+--------+--------+--------+-----+--------+

Top non-repeatable levels by time:
     D:1: 545 daAuts
     D:2: 61 daAuts
